AoeStats
← Kulishaak

Arena

505078440Analyzed
1v1 RM · 24d ago on Sep 7, 2026· 44m 59s· 2 players
Game mode
Random Map
Map size
Tiny (2 player)
Population
200
Speed
Normal
Resources
Standard
Victory
Conquest
Starting age
Dark Age
Ending age
Imperial Age
RankedLock teamsTeams togetherTeam positionsShared explorationLock speedFull tech treeHidden civsTurbo modeCheats
Victory
Defeat
🇬🇧 Teutons · United Kingdom
1136
+18
🇨🇿 Armenians · Czechia
1175
-18
Guerilla_The_Scylla
11:33 Feudal Age
12:23 Loom
15:58 Castle Age
14:07 Double-Bit Axe
14:39 Horse Collar
16:32 Scale Mail Armor
18:52 Forging
18:04 Pikeman
19:20 Fervor
20:58 Wheelbarrow
21:20 Sanctity
23:21 Atonement
23:41 Hand Cart
23:27 Arson
25:18 Town Watch
25:51 Scale Barding Armor
26:28 Squires
26:53 Heavy Plow
27:30 Gold Mining
28:04 Bow Saw
28:44 Bloodlines
29:35 Redemption
30:48 Stone Mining
33:58 Imperial Age
32:04 Chain Mail Armor
32:50 Squires
33:31 Iron Casting
32:47 Fletching
34:07 Fortified Wall
34:38 Chain Barding Armor
34:54 Masonry
35:24 Plate Mail Armor
35:55 Blast Furnace
36:06 Crop Rotation
36:39 Two-Man Saw
35:50 Devotion
36:06 Block Printing
37:18 Stone Shaft Mining
36:41 Bodkin Arrow
36:38 Cavalier
38:29 Conscription
38:47 Hoardings
39:33 Plate Barding Armor
39:57 Ballistics
40:39 Crenellations
41:26 Chemistry
40:50 Paladin
42:05 Elite Teutonic Knight
43:57 Siege Engineers
Kulishaak
1:47 Loom
10:46 Feudal Age
16:12 Castle Age
14:22 Double-Bit Axe
14:34 Man-at-Arms
15:31 Stone Mining
17:50 Scale Mail Armor
18:20 Long Swordsman
24:02 Chain Mail Armor
26:03 Wheelbarrow
26:18 Gold Mining
26:43 Bow Saw
29:14 Fervor
29:44 Hand Cart
30:43 Gold Shaft Mining
34:48 Imperial Age
33:18 Gold Shaft Mining
32:55 Fletching
33:04 Gambesons
33:11 Arson
33:27 Squires
33:28 Pikeman
34:18 Town Watch
35:09 Ballistics
34:24 Two-Handed Swordsman
36:29 Plate Mail Armor
37:29 Conscription
37:11 Horse Collar
37:46 Masonry
37:40 Heavy Scorpion
38:52 Halberdier
40:39 Fervor
40:16 Capped Ram
42:25 Hoardings
42:58 Fereters
43:53 Siege Ram
Connection lost

Rejoining the realm…

Still unreachable

The connection could not be restored.

Session expired

The server has moved on; the page needs a fresh start.